 Dungeon Crawl Stone Soup version 0.27-a0-1321-gd358eaa319 (webtiles) character file.

Game seed: 2705263601113447087

35 Delamore the Skirmisher (level 3, -2/30 HPs)
             Began as a Formicid Fighter on June 22, 2021.
             Succumbed to a goblin's poison
             ... on level 2 of the Dungeon.
             The game lasted 00:01:02 (1177 turns).

Delamore the Skirmisher (Formicid Fighter)          Turns: 1177, Time: 00:01:02

Health: -2/30      AC:  6    Str: 21    XL:     3   Next: 52%
Magic:  3/3        EV:  8    Int:  7    God:
Gold:   65         SH:  9    Dex: 10    Spells: 2/2 levels left

rFire    . . .     SeeInvis +   a - +0 trident
rCold    . . .     Faith    .   c - +0 kite shield
rNeg     . . .     Spirit   .   b - +0 scale mail
rPois    .         Reflect  .   (helmet unavailable)
rElec    .         Harm     .   (no cloak)
rCorr    .         Rampage  .   (no gloves)
Will     .....                  (no boots)
Stlth    ..........             (no amulet)
HPRegen  0.10/turn              (no ring)
MPRegen  0.08/turn              (no ring)

@: lethally poisoned (-2 -> -26)
A: permanent stasis, dig shafts and tunnels, antennae 3, four strong arms
a: Dig, Shaft Self


You were on level 2 of the Dungeon.
You visited 1 branch of the dungeon, and saw 2 of its levels.

You collected 65 gold pieces.

Inventory:

Hand Weapons
 a - a +0 trident (weapon)
Missiles
 h - 17 poisoned darts (quivered)
Armour
 b - a +0 scale mail (worn)
 c - a +0 kite shield (worn)
Jewellery
 g - an amulet of the acrobat
Scrolls
 f - a scroll of teleportation {unknown}
 i - a scroll of fog {unknown}
 j - a scroll of vulnerability {unknown}
 k - a scroll of identify {unknown}
Potions
 d - 2 potions of might


   Skills:
 + Level 3.8 Fighting
 * Level 3.2 Polearms
 - Level 3.2 Armour
 - Level 3.6 Shields


You had 2 spell levels left.
You didn't know any spells.
Your spell library was empty.

Dungeon Overview and Level Annotations

Branches:
Dungeon (2/15)

Altars:


Innate Abilities, Weirdness & Mutations

You cannot be hasted, slowed, berserked, paralysed or teleported.
You can dig through walls and to a lower floor.
You have a pair of large antennae on your head. (SInv)
Your four strong arms can wield two-handed weapons with a shield.


Message History

Found an escape hatch in the ceiling.
Found a stone staircase leading down.
You reach to attack!
You barely miss the goblin. The goblin hits you but does no damage.
You are poisoned.
You closely miss the goblin.
You feel very sick. The goblin hits you but does no damage.
You are more poisoned.
You barely miss the goblin.
You feel very sick.
The goblin hits you with a +1 dagger of venom.
You are lethally poisoned!
You closely miss the goblin.
You feel very sick.
The goblin hits you with a +1 dagger of venom.
You are more poisoned.
The goblin hits you with a +1 dagger of venom.
You are more poisoned.
You are too injured to fight recklessly!
You are too injured to fight recklessly!
You are too injured to fight recklessly!
You are too injured to fight recklessly!
You are too injured to fight recklessly!
You are too injured to fight recklessly!
You are too injured to fight recklessly!
You are too injured to fight recklessly!
You are too injured to fight recklessly!
You are too injured to fight recklessly!
You are too injured to fight recklessly!
You are too injured to fight recklessly!
You closely miss the goblin.
* * * LOW HITPOINT WARNING * * *
You feel extremely sick. You block the goblin's attack.
Okay, then.
As you read the scroll labelled HACRAU PUELOUN, it crumbles to dust.
You feel a surge of unholy energy.
The goblin convulses!
It was a scroll of torment.
You die...

...).##.#
#.# #.#
.###.##.#
#.# .. #.#
.###.##.# .#
#. #.#
.....##.# #.
#.#
..#...... #.
#.#
.#......# #.
#.# .#..####
#> #.# .#..#
######<##.##
.. ..
......g@.<.#
.. ...
..>$.......#
... ..#
######.###.#
... ..[ .#
#### ^# .#
##


You could see a goblin.

Vanquished Creatures
  A gnoll (D:1)
  A dart slug (D:1)
  3 bats (D:1)
  3 endoplasms
  A hobgoblin (D:1)
  A jackal (D:1)
  4 kobolds (D:1)
  A quokka (D:1)
  3 ball pythons
  A frilled lizard (D:1)
  A goblin (D:1)
  4 rats
24 creatures vanquished.

Vanquished Creatures (others)
  A plant (D:1)
1 creature vanquished.

Grand Total: 25 creatures vanquished

Notes
Turn   | Place    | Note
-------+----------+-------------------------------------------
     0 | D:1      | Delamore the Formicid Fighter began the quest for the Orb.
     0 | D:1      | Reached XP level 1. HP: 18/18 MP: 1/1
   145 | D:1      | Found a faded altar of an unknown god.
   161 | D:1      | Reached XP level 2. HP: 13/24 MP: 2/2
   603 | D:1      | Reached XP level 3. HP: 25/30 MP: 3/3
  1177 | D:2      | Succumbed to a goblin's poison

Illustrated notes

Levels and vault maps discovered:
D:1:      dpeg_arrival_orchard, layout_loops_ring,
          ebering_ecumenical_altar_mist, serial_bayou_lagoon_a, minmay_unequal
D:2:      layout_loops_ring, serial_shops, nicolae_shop_trees

Skill      XL: |  1  2  3 |
---------------+----------+-----
Polearms       | 3 |  3.2
Fighting       | |  3.8
Armour         | |  3.2
Shields        | |  3.6

Action                   || total
-------------------------++-------
Melee: Trident           ||    82
  Use: Scroll            ||     1
Armor: Scale mail        ||    21
Dodge: Dodged            ||    11
Block: Kite shield       ||    39

Table legend: (Time is in decaauts)
 A = Elapsed time spent in this place.
 B = Non-inter-level travel time spent in this place.
 C = Inter-level travel time spent in this place.
 D = Time resting spent in this place.
 E = Time spent auto-exploring this place.
 F = Levels seen in this place.
 G = Mean time per level.
                   A        B        C        D        E       F      G
               +--------+--------+--------+--------+--------+-----+--------+
         Total |   1213 |   1147 |     66 |      0 |    960 |   2 |  606.5 |
       Dungeon |   1213 |   1147 |     66 |      0 |    960 |   2 |  606.5 |
               +--------+--------+--------+--------+--------+-----+--------+

Top non-repeatable levels by time:
     D:1: 1048 daAuts
     D:2: 165 daAuts
